Map: [ESL] Ancient Cistern

Players

Elazer - Winner!

  • Race: Zerg Zerg
  • Spawn Location: 7:00

DRG

  • Race: Zerg Zerg
  • Spawn Location: 1:00

Event: ESL SC2 Masters 2023 Summer (Finals)

VOD

Have the link to the VOD?

Description

Time

  • Played on: June 17, 2023, 6:19 a.m.
  • Length: 12:40

All games in this series

Show
View Real Time Build Order
Export as new Build Order

Elazer Zerg - Winner!

Build Orders: Hatch First 

Get SALT Encoding   

  12  0:00  Drone  
  13  0:12  Overlord  
  13  0:16  Drone  
  14  0:30  Drone x2  
  16  0:46  Hatchery  
  15  0:50  Drone  
  15  0:53  Drone  
  18  0:57  Drone  
  18  1:04  Extractor  
  17  1:12  Spawning Pool  
  17  1:15  Drone  
  17  1:18  Drone  
  18  1:27  Drone  
  19  1:39  Drone  
  20  1:49  Drone  
  21  1:58  Queen x2  
  21  1:59  Zergling x2  
  26  2:02  Overlord  
  26  2:04  Metabolic Boost  
  26  2:12  Drone x2  
  28  2:22  Drone x2  
  30  2:30  Drone  
  30  2:34  Hatchery  
  31  2:37  Drone  
  31  2:43  Overlord, Drone  
  32  2:53  Zergling x2  
  33  2:59  Zergling x2  
  33  3:04  Zergling x2  
  35  3:07  Zergling x14  
  42  3:16  Overlord  
  42  3:17  Zergling x2  
  42  3:34  Queen  
  42  3:37  Drone x7  
  50  3:41  Zergling x4, Baneling Nest  
  50  3:45  Queen  
  53  3:51  Zergling x6  
  54  3:59  Zergling x2  
  54  4:00  Queen  
  57  4:07  Overlord  
  57  4:11  Drone  
  57  4:16  Overlord  
  57  4:17  Overlord  
  58  4:26  Overlord  
  58  4:27  Roach Warren  
  58  4:29  Drone  
  58  4:32  Baneling x3  
  58  4:35  Drone  
  58  4:37  Drone x8  
  67  4:53  Extractor  
  67  4:54  Extractor  
  67  4:55  Drone x5  
  67  4:56  Drone x4  
  74  5:05  Overlord  
  79  5:07  Roach x3  
  79  5:11  Overlord  
  79  5:16  Evolution Chamber  
  79  5:20  Drone x4  
  82  5:25  Drone x7  
  89  5:33  Drone  
  89  5:35  Extractor, Drone x5  
  94  5:36  Lair  
  94  5:37  Extractor  
  94  5:42  Overlord  
  93  5:48  Overlord  
  92  5:53  Extractor  
  92  5:55  Drone x3  
  94  5:57  Zerg Missile Weapons Level 1  
  94  6:00  Roach  
  96  6:05  Roach  
  96  6:06  Roach x3  
  96  6:08  Roach  
  96  6:09  Roach x3  
  112  6:13  Overlord x3  
  109  6:28  Overlord x2  
  109  6:33  Glial Reconstitution  
  109  6:34  Drone  
  109  6:36  Roach x7  
  109  6:38  Hatchery  
  119  6:48  Roach x6  
  130  6:54  Roach x2  
  130  7:00  Roach x5  
  143  7:05  Overlord  
  143  7:06  Roach  
  143  7:07  Overlord x2  
  145  7:15  Overlord x2  
  145  7:23  Overlord  
  145  7:25  Roach x4  
  145  7:28  Ravager x3  
  145  7:29  Ravager  
  157  7:31  Roach x6  
  167  7:37  Roach x3  
  167  7:39  Pneumatized Carapace  
  173  7:51  Roach x5  
  183  7:54  Roach  
  185  7:58  Roach x4  
  185  7:59  Roach x2  
  185  8:00  Ravager x2  
  199  8:11  Zerg Missile Weapons Level 2  
  199  8:18  Tunneling Claws  
  197  8:32  Burrow  
  184  8:35  Roach  
  184  8:36  Roach x8  
  171  9:04  Roach x16  
  177  9:11  Roach x7  
  177  9:13  Roach  
  179  9:20  Roach x3  
  179  9:21  Roach x2  
  187  9:28  Roach x5  
  185  9:39  Roach  
  185  9:40  Roach x5  
  185  9:43  Roach x8  
  195  9:51  Roach x2  
  199  10:14  Roach x4  
  198  10:27  Roach  
  182  10:29  Roach x9  
  192  10:35  Roach x5  
  192  10:36  Roach x4  
  196  10:45  Roach  
  192  10:50  Roach x4  
  192  10:54  Roach x3  
  192  10:56  Roach x11  
  194  11:00  Roach x5  
  194  11:02  Roach x6  
  200  11:07  Roach x2  
  194  11:16  Roach x4  
  194  11:17  Overlord  
  188  11:23  Ravager x4  
  188  11:24  Ravager x2  
  190  11:28  Roach x3  
  190  11:31  Roach x7  
  190  11:38  Roach x11  
  182  11:43  Roach x4  
  184  11:50  Roach x7  
  184  11:51  Roach x3  
  184  11:53  Roach x5  
  188  11:55  Roach x4  
  188  12:00  Extractor  
  193  12:02  Roach  
  193  12:08  Roach x8  
  187  12:10  Roach  
  187  12:15  Roach x2  
  165  12:31  Hatchery  
Show
View Real Time Build Order
Export as new Build Order

DRG Zerg 

Build Orders: Hatch First 

Get SALT Encoding   

  12  0:00  Drone  
  13  0:12  Overlord  
  13  0:16  Drone  
  14  0:30  Drone x2  
  16  0:47  Hatchery  
  15  0:50  Drone  
  15  0:54  Drone  
  18  0:57  Drone  
  18  1:08  Extractor  
  17  1:12  Spawning Pool  
  17  1:16  Drone  
  17  1:19  Drone  
  18  1:27  Drone  
  19  1:38  Drone  
  20  1:49  Drone  
  21  1:59  Queen x2  
  21  2:00  Overlord  
  21  2:01  Drone  
  26  2:08  Metabolic Boost  
  26  2:10  Drone x2  
  28  2:21  Zergling x2  
  29  2:24  Drone  
  30  2:31  Drone  
  30  2:33  Hatchery  
  30  2:39  Zergling x2  
  30  2:41  Overlord  
  31  2:48  Baneling Nest  
  30  2:52  Drone  
  30  2:57  Drone  
  32  3:08  Zergling x10  
  32  3:09  Zergling x4  
  32  3:12  Zergling x4  
  41  3:20  Queen  
  41  3:23  Overlord  
  43  3:32  Baneling x2  
  43  3:33  Baneling  
  43  3:36  Zergling x2  
  43  3:37  Baneling  
  44  3:42  Drone  
  44  3:45  Zergling x2  
  46  3:49  Drone  
  44  3:57  Drone  
  44  3:59  Drone  
  44  4:00  Drone  
  44  4:03  Zergling x2  
  44  4:04  Drone  
  44  4:07  Overlord  
  44  4:09  Drone  
  47  4:12  Drone  
  47  4:16  Evolution Chamber, Baneling  
  47  4:17  Baneling  
  47  4:20  Zergling x2  
  47  4:23  Drone  
  49  4:25  Overlord, Drone  
  49  4:27  Drone  
  49  4:29  Drone x2  
  49  4:30  Drone  
  54  4:31  Drone  
  54  4:33  Drone x4  
  54  4:37  Drone  
  60  4:40  Drone  
  60  4:42  Zerg Missile Weapons Level 1  
  61  4:46  Overlord  
  61  4:47  Roach Warren  
  61  4:51  Drone x2  
  62  4:53  Extractor  
  62  4:57  Drone  
  62  4:58  Drone x2  
  64  5:01  Lair  
  64  5:05  Drone  
  64  5:06  Drone x3  
  68  5:07  Drone x2  
  68  5:10  Drone x2  
  68  5:12  Overlord  
  72  5:17  Overlord  
  72  5:18  Overlord  
  72  5:20  Overlord  
  72  5:24  Overlord  
  72  5:26  Overlord  
  71  5:31  Extractor x2, Overlord  
  71  5:32  Drone  
  71  5:34  Drone x3  
  73  5:37  Drone  
  74  5:43  Roach x4  
  74  5:44  Roach  
  74  5:45  Roach  
  74  5:46  Roach  
  74  5:49  Drone  
  89  5:52  Extractor  
  89  5:54  Extractor  
  89  5:56  Drone x3  
  89  5:59  Glial Reconstitution  
  89  6:01  Overlord  
  89  6:02  Overseer  
  89  6:06  Drone x4  
  89  6:07  Roach  
  89  6:09  Overlord  
  89  6:10  Drone x2  
  97  6:15  Roach  
  97  6:17  Overlord  
  99  6:19  Roach  
  99  6:23  Roach x3  
  99  6:25  Roach  
  107  6:29  Overlord  
  105  6:33  Roach x4  
  105  6:37  Hatchery  
  112  6:42  Zerg Missile Weapons Level 2  
  108  6:49  Roach x5  
  108  6:52  Roach  
  113  6:54  Roach  
  113  7:01  Roach  
  115  7:02  Roach  
  115  7:06  Roach x4  
  125  7:13  Roach x7  
  139  7:21  Roach  
  139  7:22  Ravager  
  142  7:23  Ravager  
  142  7:25  Roach  
  142  7:26  Overlord  
  142  7:29  Overlord  
  145  7:33  Pneumatized Carapace  
  145  7:35  Overlord x2  
  145  7:37  Overlord x3  
  145  7:40  Overlord  
  145  7:41  Overlord  
  145  7:46  Roach  
  145  7:47  Roach x3  
  145  7:49  Ravager x2  
  145  7:50  Queen  
  157  7:54  Roach x2  
  157  7:56  Overseer  
  161  8:00  Roach x3  
  169  8:05  Roach  
  169  8:06  Roach x3  
  169  8:11  Roach x3  
  181  8:19  Roach x5  
  191  8:27  Roach x4  
  195  8:39  Roach x3  
  197  8:43  Roach  
  197  8:47  Infestation Pit  
  198  8:51  Roach  
  177  9:04  Roach x4  
  177  9:05  Roach x9  
  177  9:08  Roach x4  
  196  9:11  Roach  
  196  9:14  Zerg Ground Armor Level 1  
  196  9:18  Roach x2  
  196  9:23  Roach x3  
  200  9:28  Roach x2  
  200  9:33  Hydralisk Den  
  200  9:37  Roach x2  
  199  9:40  Overseer  
  199  9:42  Overseer  
  199  9:45  Hive  
  199  9:48  Extractor  
  199  9:51  Overseer  
  198  10:01  Drone  
  198  10:02  Drone  
  198  10:05  Muscular Augments  
  198  10:06  Lurker Den  
  199  10:12  Overlord  
  190  10:34  Roach x10  
  193  10:39  Roach x9  
  198  10:47  Drone x7  
  192  10:58  Drone x7  
  192  10:59  Drone x2  
  181  11:19  Drone x7  
  162  11:33  Lurker Den  
  162  11:35  Drone x7  
  141  11:40  Roach x2  
  141  11:42  Ravager x2  
  145  11:48  Roach x3  
  142  11:55  Roach x3  
  138  12:05  Roach x5  
  134  12:10  Roach x3  
  132  12:18  Roach x4  
Tags
 
Add a new tag
Caveats
  • Supply blocks, unpowered buildings, or Contaminate may cause inaccurate times.
  • Supply counts are checked every 10 seconds.